 Dungeon Crawl Stone Soup version 0.27-a0-1322-gfdffb62a71 (webtiles) character file.

Game seed: 10875138018390952289

204305 pokeman the Sorcerer (level 18, -5/104 HPs)
             Began as a Deep Elf Hedge Wizard on June 22, 2021.
             Was the Champion of Vehumet.
             Slain by a naga warrior (16 damage)
             ... on level 3 of the Snake Pit.
             The game lasted 01:51:13 (38626 turns).

pokeman the Sorcerer (Deep Elf Hedge Wizard)       Turns: 38626, Time: 01:51:14

Health: -5/104     AC: 18    Str:  2    XL:     18   Next: 0%
Magic:  34/57      EV:  8    Int: 33    God:    Vehumet [******]
Gold:   2752       SH:  8    Dex: 14    Spells: 26/65 levels left

rFire    . . .     SeeInvis .   A - staff of conjuration
rCold    + + .     Faith    .   h - +3 warlock's mirror {reflect}
rNeg     . . .     Spirit   .   T - +0 swamp dragon scales
rPois    +         Reflect  +   m - +4 hat "Tahitz" {Str-5 Int+5}
rElec    .         Harm     .   H - scarf {rC+ rF+}
rCorr    .         Rampage  .   J - +2 pair of gloves {Stlth+}
Will     +....                  c - +0 pair of boots {Fly}
Stlth    +++.......             q - amulet of regeneration
HPRegen  1.27/turn              x - ring of ice
MPRegen  0.35/turn              u - ring of magical power

@: lethally poisoned (-5 -> -5), flying
A: no striking features
}: 1/15 runes: decaying
a: Renounce Religion


You were on level 3 of the Snake Pit.
You worshipped Vehumet.
Vehumet was exalted by your worship.
You visited 6 branches of the dungeon, and saw 31 of its levels.
You also visited: Sewer and Ice Cave.

You collected 3742 gold pieces.
You spent 990 gold pieces at shops.

Inventory:

Hand Weapons
 B - a +0 arbalest
Missiles
 f - 6 atropa-tipped darts
 t - 222 bolts
Armour
 c - a +0 pair of boots of flying (worn)
 h - the +3 warlock's mirror (worn) {reflect}
   (You found it on level 12 of the Dungeon)
 m - the +4 hat "Tahitz" (worn) {Str-5 Int+5}
   (You acquired it on level 6 of the Lair of Beasts)

   It affects your strength (-5).
   It affects your intelligence (+5).
 F - a +1 cloak of willpower
 H - a scarf of resistance (worn)
 I - the +2 pair of gloves "Ulomojaj" {Will+ rCorr}
   (You found it in an ice cave)

   It protects you from acid and corrosion.
   It increases your willpower.
 J - a +2 pair of gloves of stealth (worn)
 L - a +2 cloak of cold resistance
 T - +0 swamp dragon scales (worn)
Magical Staves
 A - a staff of conjuration (weapon)
Jewellery
 g - a +4 ring of protection
 j - a ring of fire
 l - a ring of fire
 n - a ring of willpower
 q - an amulet of regeneration (around neck)
 u - a ring of magical power (right hand)
 x - a ring of ice (left hand)
 y - a ring of magical power
 D - a ring of protection from cold
 G - a ring of ice
 K - a ring of flight
Wands
 d - a wand of mindburst (28)
 s - a wand of iceblast (14)
 E - a wand of acid (7)
 R - a wand of digging (7)
Scrolls
 a - 12 scrolls of teleportation
 b - 5 scrolls of magic mapping
 i - a scroll of silence
 v - a scroll of amnesia
 O - a scroll of fog
 P - 2 scrolls of blinking
 W - 11 scrolls of identify
Potions
 e - a potion of magic
 k - 5 potions of heal wounds
 o - 2 potions of might
 p - a potion of berserk rage
 r - 2 potions of haste
 w - a potion of ambrosia
 z - 8 potions of curing
 C - 2 potions of brilliance
Miscellaneous
 M - a piece from Xom's chessboard (15/15)
 N - a piece from Xom's chessboard (15/15)
 Q - a lightning rod (4/4)
 V - a box of beasts


   Skills:
 + Level 8.6 Fighting
 - Level 8.3 Armour
 - Level 3.0 Dodging
 - Level 3.0 Stealth
 - Level 4.3 Shields
 * Level 24.4 Spellcasting
 + Level 15.8 Conjurations
 - Level 1.1 Summonings
 - Level 1.1 Translocations
 + Level 15.5 Fire Magic
 - Level 1.1 Ice Magic
 - Level 1.1 Air Magic
 - Level 1.0 Earth Magic
 - Level 1.2 Poison Magic
 - Level 1.1 Evocations


You had 26 spell levels left.
You knew the following spells:

 Your Spells              Type           Power      Damage    Failure   Level
a - Magic Dart            Conj           100%       1d8       0%          1
b - Mephitic Cloud        Conj/Pois/Air  88%        N/A       1%          3
c - Call Imp              Summ           47%        N/A       4%          2
d - Blink                 Tloc           N/A        N/A       4%          2
e - Conjure Flame         Conj/Fire      100%       6-21      1%          3
f - Foxfire               Conj/Fire      100%       2x1d9     0%          1
g - Fireball              Conj/Fire      60%        3d23      1%          5
h - Freezing Cloud        Conj/Ice/Air   55%        6-21      3%          5
i - Fire Storm            Conj/Fire      60%        8d15      87%         9
j - Lehudib's Crystal Sp  Conj/Erth      48%        10d12     92%         8

Your spell library contained the following spells:

 Spells                   Type           Power      Damage    Failure   Level
 Chain Lightning          Conj/Air       49%        3d65      100%        9
 Freeze                   Ice            100%       1d11      1%          1
 Poisonous Vapours        Pois/Air       96%        N/A       1%          2
 Dazzling Flash           Conj/Hex       100%       N/A       1%          3
 Ignite Poison            Fire/Tmut/Pois 67%        N/A       1%          3
 Inner Flame              Hex/Fire       75%        N/A       1%          3
 Fulminant Prism          Conj/Hex       47%        3d21      1%          4
 Hailstorm                Conj/Ice       100%       3d20      1%          4
 Sticky Flame             Conj/Fire      100%       2d11      1%          4
 Frozen Ramparts          Ice            100%       1d12      2%          3
 Animate Skeleton         Necr           80%        N/A       4%          1
 Corona                   Hex            44%        N/A       4%          1
 Pain                     Necr           100%       1d9       4%          1
 Sting                    Tmut/Pois      100%       1d8       4%          1
 Ensorcelled Hibernation  Hex/Ice        100%       N/A       6%          2
 Slow                     Hex            40%        N/A       8%          2
 Olgreb's Toxic Radiance  Pois           48%        N/A       9%          4
 Gell's Gravitas          Tloc           23%        N/A       10%         3
 Lesser Beckoning         Tloc           23%        N/A       10%         3
 Ozocubu's Armour         Ice            64%        N/A       10%         3
 Teleport Other           Tloc           47%        N/A       10%         3
 Portal Projectile        Hex/Tloc       86%        N/A       12%         3
 Confusing Touch          Hex            40%        N/A       16%         3
 Tukima's Dance           Hex            40%        N/A       16%         3
 Vampiric Draining        Necr           20%        2d8       16%         3
 Summon Ice Beast         Ice/Summ       64%        N/A       30%         4
 Yara's Violent Unravell  Hex/Tmut       20%        3d9       32%         5
 Ice Form                 Ice/Tmut       60%        N/A       36%         4
 Petrify                  Tmut/Erth      43%        N/A       38%         4
 Animate Dead             Necr           20%        N/A       45%         4
 Manifold Assault         Tloc           47%        N/A       65%         5
 Metabolic Englaciation   Hex/Ice        30%        N/A       73%         5
 Summon Mana Viper        Hex/Summ       43%        N/A       75%         5
 Agony                    Necr           40%        N/A       80%         5
 Simulacrum               Ice/Necr       30%        N/A       99%         6
 Ozocubu's Refrigeration  Ice            32%        4d11      99%         7


Dungeon Overview and Level Annotations

Branches:
Dungeon (15/15)            Temple (1/1) D:4            Lair (6/6) D:8
  Swamp (4/4) Lair:2        Snake (3/4) Lair:4        Slime (0/5) Lair:6
    Orc (2/2) D:12            Elf (0/3) Orc:2        Vaults (0/5) D:14
 Depths (0/5) D:15          Sewer (visited)           IceCv (visited)

Altars:
Ashenzari
Cheibriados
Dithmenos
Elyvilon
Fedhas
Gozag
Hepliaklqana
Makhleb
Nemelex Xobeh
Okawaru
Ru
Sif Muna
Trog
Vehumet
Xom
Yredelemnul
Beogh

Shops:
D:5 [:*?(   D:12 (   D:15 *:[=[   Orc:1 ?   Orc:2 =!?!   Snake:1 [!?

Annotations:
Lair:3 2 transporters, Cyda Jyj's ghost, journeyman DsGl
Snake:2 Roxanne


Message History

The black mamba bites you but does no damage.
The salamander hits you with a +0 trident!
You are engulfed in flames!
Casting: Freezing Cloud (dangerous; 3% risk of failure)
Confirm with . or Enter, or press ? or * to list all spells.
You blink.
The black mamba is engulfed in freezing vapours.
The black mamba seems to slow down.
The guardian serpent coils itself and waves its upper body at you.
The naga warrior blinks!
The salamander blinks!
The naga warrior hits you with a +0 dire flail!!
The naga warrior grabs you. The naga warrior constricts you.
The salamander hits you with a +0 trident!
You are engulfed in flames!
The black mamba bites you!
* * * LOW HITPOINT WARNING * * *
Casting: Blink (safe; 4% risk of failure)
Confirm with . or Enter, or press ? or * to list all spells.
You feel a surge of power!
You conjure some foxfire!
The naga warrior spits poison at you. The splash of poison hits you.
You are poisoned.
You resist.
* * * LOW HITPOINT WARNING * * *
x2 The naga warrior constricts you.
The salamander hits you with a +0 trident.
* * * LOW HITPOINT WARNING * * *
You are engulfed in flames!
* * * LOW HITPOINT WARNING * * *
The black mamba completely misses you.
Casting: Foxfire (safe; 0% risk of failure)
Confirm with . or Enter, or press ? or * to list all spells.
You escape the naga warrior's grasp.
You blink.
You feel sick.
The foxfire hits the salamander but does no damage.
The salamander is severely wounded.
The foxfire hits the naga warrior but does no damage.
The naga warrior is moderately wounded.
The guardian serpent casts a spell at you.
The salamander blinks!
The naga warrior blinks!
The black mamba blinks!
The naga warrior hits you with a +0 dire flail!
You die...

..................#*,,,,,,,,,,,,,
..................#*,,,,,,,,,,,,,
..................#*,,,,,,,,,,,,,
.......)..........#*,,,,,,,,,,,,,
..................#*,,,,,,,,,,,,,
..................#*,,,,,,,,,,,,,
..........#########***********,,,
..........#################***,,,
................@S.........,,,,,,
...............NN..........,,,,,,
...........................,,,,,,
,...................§§.....,,,,,,
,,...........§.§....§§...S.,,,,,,
,,............§.§§§S§§.....,,,,,,
,,...........§.§§§§§..>....,,,,,,
,,.............§§§§........,,,,,,
,,,,,,,...............$....,,,,,,


You could see a naga warrior (catching breath), a salamander (strong), a
guardian serpent and a black mamba (slow).

Vanquished Creatures
  the Lernaean hydra (Swamp:4)
  A tentacled monstrosity (Swamp:3)
  An Ice Fiend (IceCv)
  2 thorn hunters
  Kirke (Snake:2)
  A fenstrider witch (Swamp:4)
  The ghost of ClownBaby the Carver, a journeyman MfVM of Dithmenos (Orc:2)
  Nessos (D:14)
  4 bunyips
  A dire elephant (Lair:6)
  8 eleionomae
  An ettin (Orc:2)
  Josephine (Swamp:1)
  A rakshasa (D:15)
  7 naga warriors
  3 boulder beetles
  Harold (D:9)
  A salamander tyrant (Snake:2)
  A vault guard (D:14)
  A hydra (shapeshifter) (D:15)
  2 ghost crabs
  22 hydras
  A merfolk avatar (Lair:6)
  7 two-headed ogres
  4 centaur warriors
  4 anacondas
  13 alligators
  6 death yaks (Lair:2)
  5 shock serpents
  2 spriggan berserkers (Swamp:4)
  3 naga sharpshooters (Snake:2)
  7 spriggans
  The ghost of gowby the Carver, a novice BaSu of Okawaru (Lair:1)
  3 skeletal warriors (D:15)
  6 goliath frogs
  A salamander mystic (Snake:3)
  2 naga ritualists
  A glowing orange brain (D:15)
  9 swamp dragons
  A sea snake (Lair:6)
  4 spriggan druids
  10 bog bodies
  2 necromancers (D:14)
  6 orc knights (Orc:2)
  A harpy (Lair:6)
  8 mana vipers
  13 wizards
  A deep elf pyromancer (D:13)
  5 manticores
  8 will-o-the-wisps
  2 oklob plants (Lair:6)
  2 orc sorcerers (Orc:2)
  2 cyclopes
  15 ugly things
  12 elephants
  10 salamanders
  3 naga magi
  18 black mambas
  3 ice statues
  A gargoyle (D:13)
  Maggie (D:9)
  2 torpor snails
  16 cane toads
  A yaktaur (D:14)
  2 unseen horrors
  2 kobold demonologists (D:9)
  4 rime drakes
  An efreet (D:15)
  An anaconda simulacrum (IceCv)
  4 ice devils (IceCv)
  11 komodo dragons
  4 freezing wraiths
  A bloated husk (Swamp:4)
  5 polar bears
  5 trolls
  5 dream sheep (Lair:6)
  11 hornets
  4 blink frogs (Lair:5)
  7 tyrant leeches
  A blink frog (shapeshifter) (D:12)
  3 slime creatures (D:15)
  Grinder (D:6)
  4 shadows
  8 wraiths
  6 wyverns
  4 dire elephant simulacra (IceCv)
  8 hogs
  19 humans
  6 basilisks
  42 yaks
  A steam dragon (D:10)
  2 iron troll simulacra (IceCv)
  11 swamp worms
  8 wargs
  8 vampire mosquitoes
  18 nagas
  4 harpy simulacra (IceCv)
  17 water moccasins
  3 hydra simulacra (IceCv)
  12 swamp drakes
  43 orc warriors
  An ice beast (shapeshifter) (D:13)
  A necrophage (D:5)
  6 black bears
  12 ogres
  7 wolves
  An ettin simulacrum (IceCv)
  10 centaurs
  4 kobold brigands
  2 phantoms
  14 bullfrogs
  2 gnoll sergeants
  4 scorpions
  A water moccasin zombie (D:7)
  A water moccasin skeleton (D:5)
  9 killer bees (D:9)
  An elephant simulacrum (IceCv)
  A swamp dragon simulacrum (IceCv)
  4 electric eels
  A howler monkey (D:13)
  2 bullfrog zombies
  2 jellies (D:6)
  3 draconian simulacra (IceCv)
  A centaur skeleton (D:5)
  4 centaur zombies
  10 orc priests
  3 bullfrog skeletons
  A gnoll shaman (D:8)
  2 hounds
  17 orc wizards
  A spriggan simulacrum (IceCv)
  5 troll simulacra (IceCv)
  21 hell rats
  2 polar bear simulacra (IceCv)
  8 ogre zombies (D:12)
  3 centaur simulacra (IceCv)
  15 gnolls
  A howler monkey zombie (D:8)
  5 naga simulacra (IceCv)
  6 adders
  An ogre simulacrum (IceCv)
  3 shadow imps
  4 white imps
  7 ufetubi (IceCv)
  An adder skeleton (D:4)
  2 worms
  4 dart slugs
  79 orcs
  4 bats
  9 endoplasms
  5 giant cockroaches
  13 hobgoblins
  8 jackals
  13 ball pythons
  4 frilled lizards
  4 goblins
  2 goblin skeletons (D:12)
  4 goblin zombies (D:12)
  17 kobolds
  2 orc skeletons (D:12)
  17 orc zombies (D:12)
  4 rats
982 creatures vanquished.

Vanquished Creatures (collateral kills)
  Purgy (Sewer)
  An orc (D:4)
  An endoplasm (D:4)
  A giant cockroach (D:4)
  9 foxfires
13 creatures vanquished.

Vanquished Creatures (others)
  A spriggan (Swamp:4)
  2 white imps (IceCv)
  521 foxfires
  84 fungi
  117 plants
  4 toadstools (Swamp:1)
729 creatures vanquished.

Grand Total: 1724 creatures vanquished

Notes
Turn   | Place    | Note
-------+----------+-------------------------------------------
     0 | D:1      | pokeman the Deep Elf Hedge Wizard began the quest for the
                  | Orb.
     0 | D:1      | Reached XP level 1. HP: 10/10 MP: 7/7
   370 | D:1      | Reached XP level 2. HP: 16/16 MP: 4/9
  1326 | D:1      | Reached skill level 5 in Spellcasting
  1514 | D:1      | Reached XP level 3. HP: 20/20 MP: 5/11
  1518 | D:1      | Learned a level 3 spell: Mephitic Cloud
  1521 | D:1      | Learned a level 2 spell: Call Imp
  1524 | D:1      | Learned a level 2 spell: Blink
  1528 | D:1      | Learned a level 3 spell: Conjure Flame
  2383 | D:2      | Reached skill level 1 in Fighting
  2532 | D:2      | Reached skill level 1 in Armour
  2840 | D:3      | Reached XP level 4. HP: 25/25 MP: 0/13
  2875 | D:3      | Found a glowing drain.
  2989 | Sewer    | Entered a sewer
  3035 | Sewer    | Noticed Purgy
  3054 | Sewer    | Killed Purgy
  3055 | Sewer    | Reached skill level 6 in Spellcasting
  3055 | Sewer    | Reached skill level 1 in Fire Magic
  3405 | D:3      | Reached XP level 5. HP: 29/29 MP: 15/15
  3568 | D:3      | Noticed a water moccasin
  3585 | D:3      | Killed a water moccasin
  3586 | D:3      | Reached skill level 1 in Air Magic
  3746 | D:3      | You fall into a shaft and drop 2 floors!
  3746 | D:5      | Entered Level 5 of the Dungeon
  3753 | D:5      | Reached XP level 6. HP: 30/34 MP: 17/17
  3760 | D:5      | Found Uxkux's Armour Boutique.
  3772 | D:5      | Found Vyunik's Book Shoppe.
  3959 | D:4      | Found a staircase to the Ecumenical Temple.
  3963 | D:4      | Identified the +1 robe "Ymuuneu" {rElec rPois}
  3967 | Temple   | Entered the Ecumenical Temple
  4069 | Temple   | Became a worshipper of Vehumet
  4280 | D:4      | Reached skill level 7 in Spellcasting
  4280 | D:4      | Reached skill level 1 in Poison Magic
  4280 | D:4      | Reached skill level 1 in Evocations
  4924 | D:4      | Found a bloodstained altar of Trog.
  4973 | D:4      | Reached XP level 7. HP: 33/38 MP: 3/20
  5132 | D:4      | Reached * piety under Vehumet
  5132 | D:4      | Offered knowledge of Sandblast by Vehumet.
  5645 | D:5      | Found Nujit's Magic Scroll Shop.
  5651 | D:5      | Bought a scroll of noise for 12 gold pieces
  5651 | D:5      | Bought a scroll of identify for 24 gold pieces
  5708 | D:5      | Reached skill level 8 in Spellcasting
  5992 | D:5      | Learned a level 1 spell: Foxfire
  5998 | D:5      | Learned a level 5 spell: Fireball
  6050 | D:5      | Found Ewuuxybb's Antique Weapon Shop.
  6096 | D:5      | Found a sacrificial altar of Ru.
  6110 | D:5      | Found a shadowy altar of Dithmenos.
  6174 | D:5      | Reached XP level 8. HP: 44/44 MP: 22/22
  6183 | D:5      | Found Fuatyahu's General Store.
  6347 | D:6      | Reached skill level 9 in Spellcasting
  6527 | D:6      | Offered knowledge of Static Discharge by Vehumet.
  6549 | D:6      | Noticed Grinder
  6559 | D:6      | Killed Grinder
  6559 | D:6      | Reached ** piety under Vehumet
  6560 | D:6      | Reached skill level 5 in Conjurations
  6606 | D:6      | Reached skill level 10 in Spellcasting
  7896 | D:7      | Reached XP level 9. HP: 48/48 MP: 23/25
  8350 | D:7      | Offered knowledge of Searing Ray by Vehumet.
  8351 | D:7      | Reached skill level 5 in Fire Magic
  8357 | D:7      | Reached skill level 1 in Shields
  8384 | D:7      | Reached skill level 11 in Spellcasting
  9156 | D:8      | Reached *** piety under Vehumet
  9288 | D:8      | Paralysed by a hornet for 1 turns
  9303 | D:8      | Reached skill level 12 in Spellcasting
  9395 | D:8      | Learned a level 5 spell: Freezing Cloud
  9415 | D:8      | Offered knowledge of Iskenderun's Mystic Blast by Vehumet.
  9474 | D:8      | Found a staircase to the Lair.
  9519 | D:8      | Reached skill level 1 in Ice Magic
  9745 | D:8      | Found a snail-covered altar of Cheibriados.
  9824 | D:8      | Reached XP level 10. HP: 53/53 MP: 28/28
  9985 | D:9      | Found an opulent altar of Gozag.
  9999 | D:9      | Noticed a two-headed ogre
 10011 | D:9      | Killed a two-headed ogre
 10018 | D:9      | Reached skill level 13 in Spellcasting
 10041 | D:9      | Noticed Maggie
 10181 | D:9      | Killed Maggie
 10189 | D:9      | Reached **** piety under Vehumet
 10351 | D:9      | Offered knowledge of Lee's Rapid Deconstruction by Vehumet.
 10397 | D:9      | Noticed Harold
 10416 | D:9      | Killed Harold
 10726 | D:9      | Found a hazy altar of Hepliaklqana.
 10855 | D:9      | Identified the +2 kite shield of Resourcefulness {Dex+3}
 10887 | D:9      | Reached skill level 14 in Spellcasting
 10887 | D:9      | Reached XP level 11. HP: 60/60 MP: 26/31
 11113 | D:10     | Entered Level 10 of the Dungeon
 12003 | D:10     | Found a basalt altar of Yredelemnul.
 12003 | D:10     | Found a blossoming altar of Fedhas.
 12952 | D:11     | Reached ***** piety under Vehumet
 12956 | D:11     | Reached skill level 15 in Spellcasting
 12968 | D:11     | Offered knowledge of Conjure Ball Lightning by Vehumet.
 14049 | D:12     | Noticed a wizard
 14050 | D:12     | Killed a wizard
 14087 | D:12     | Noticed a wizard
 14095 | D:12     | Killed a wizard
 14125 | D:12     | Noticed a wizard
 14127 | D:12     | Killed a wizard
 14132 | D:12     | Noticed a wizard
 14134 | D:12     | Killed a wizard
 14141 | D:12     | Noticed a wizard
 14149 | D:12     | Killed a wizard
 14150 | D:12     | Reached XP level 12. HP: 66/66 MP: 3/33
 14482 | D:12     | Reached skill level 16 in Spellcasting
 14847 | D:12     | Found Ecim's Antique Weapon Shop.
 14877 | D:12     | Noticed a two-headed ogre
 14880 | D:12     | Killed a two-headed ogre
 15004 | D:12     | Found a staircase to the Orcish Mines.
 15219 | D:12     | Reached skill level 10 in Conjurations
 15347 | D:12     | Found the +3 warlock's mirror {reflect}
 15945 | D:13     | Found a sacrificial altar of Ru.
 15960 | D:13     | Noticed a boulder beetle
 15967 | D:13     | Killed a boulder beetle
 15968 | D:13     | Reached skill level 10 in Fire Magic
 16238 | D:13     | Reached skill level 17 in Spellcasting
 16578 | D:14     | Noticed a centaur warrior
 16586 | D:14     | Killed a centaur warrior
 16670 | D:14     | Noticed a four-headed hydra
 16673 | D:14     | Killed a four-headed hydra
 16720 | D:14     | Reached skill level 5 in Fighting
 16795 | D:14     | Noticed Nessos
 16798 | D:14     | Noticed a seven-headed hydra
 16801 | D:14     | Killed Nessos
 16828 | D:14     | Reached XP level 13. HP: 67/72 MP: 16/36
 17237 | D:14     | Identified the +3 rapier of Execution {drain, rF- Str+6}
 17306 | D:14     | Identified the +2 ring mail of Fortitude {Harm Int+3}
 17900 | D:14     | Reached skill level 18 in Spellcasting
 17911 | D:14     | Identified the +5 scale mail of Duty {rC- Will- Str+8 SInv}
 18015 | D:14     | Found a gate to the Vaults.
 18176 | D:15     | Entered Level 15 of the Dungeon
 18176 | D:15     | Found Puimyuttig's Book Shoppe.
 18348 | D:15     | Found Abeosuuc's Armour Shoppe.
 18434 | D:15     | Found Cutseis's Jewellery Shop.
 18502 | D:15     | Found Homuin's General Store.
 18507 | D:15     | Bought a scroll of blinking for 90 gold pieces
 19124 | D:15     | Found Rideov's Antique Armour Shoppe.
 19199 | D:15     | Reached skill level 19 in Spellcasting
 19205 | D:15     | Reached XP level 14. HP: 80/80 MP: 5/39
 19415 | D:15     | Found a staircase to the Depths.
 19736 | Lair:1   | Entered Level 1 of the Lair of Beasts
 19915 | Lair:1   | Offered knowledge of Irradiate by Vehumet.
 20200 | Lair:1   | Noticed gowby's ghost (novice BaSu)
 20204 | Lair:1   | Found a large runed translucent door.
 20204 | Lair:1   | Found a large runed translucent door.
 20681 | Lair:1   | Killed gowby's ghost
 21004 | Lair:2   | Found a staircase to the Swamp.
 21137 | Lair:2   | Identified a scroll of acquirement
 21722 | Lair:3   | Found a transporter.
 21727 | Lair:3   | Found a transporter.
 21727 | Lair:3   | Noticed Cyda Jyj's ghost (journeyman DsGl)
 22657 | Temple   | Acquired 765 gold pieces
 22850 | Lair:4   | Reached skill level 20 in Spellcasting
 23080 | Lair:4   | Reached skill level 5 in Armour
 23137 | Lair:4   | Found a staircase to the Snake Pit.
 24756 | Lair:6   | Entered Level 6 of the Lair of Beasts
 25107 | Lair:6   | Reached XP level 15. HP: 86/86 MP: 9/41
 25287 | Lair:6   | Offered knowledge of Iskenderun's Battlesphere by Vehumet.
 25648 | Lair:6   | Acquired the +4 hat "Tahitz" {Str-5 Int+5}
 25996 | Lair:6   | Found a staircase to the Slime Pits.
 26151 | Lair:6   | Reached skill level 21 in Spellcasting
 26472 | Lair:6   | Identified the +8 ring mail "Pojaros" {rElec rC+}
 26484 | Lair:6   | Identified the Catalogue of Fetching Intoxication
 27153 | Orc:1    | Entered Level 1 of the Orcish Mines
 27224 | Orc:1    | Reached ****** piety under Vehumet
 27283 | Orc:1    | Found a burning altar of Makhleb.
 27401 | Orc:1    | Found Wedeliot's Magic Scroll Emporium.
 27404 | Orc:1    | You fall into a shaft and drop 1 floor!
 27404 | Orc:2    | Entered Level 2 of the Orcish Mines
 27424 | Orc:2    | Offered knowledge of Bolt of Magma by Vehumet.
 28364 | Orc:2    | Offered knowledge of Spellforged Servitor by Vehumet.
 28550 | Orc:2    | Found a staircase to the Elven Halls.
 28615 | Orc:2    | Found Qukutyhe's Magic Scroll Shop.
 28615 | Orc:2    | Found Wejealussi's Distillery.
 28686 | Orc:2    | Bought a scroll of acquirement for 728 gold pieces
 28741 | Orc:2    | Found a transporter.
 28745 | Orc:2    | Found a transporter.
 28750 | Orc:2    | Found Ecocaoh's Jewellery Shop.
 28750 | Orc:2    | Found Jatah's Distillery.
 28805 | Orc:2    | Noticed ClownBaby's ghost (journeyman MfVM)
 28810 | Orc:2    | Identified the +2 great mace "Uclall" {holy, rF+}
 29016 | Orc:2    | Found a shimmering blue altar of Sif Muna.
 29115 | Orc:2    | Killed ClownBaby's ghost
 29473 | Swamp:1  | Entered Level 1 of the Swamp
 29628 | Swamp:1  | Noticed Josephine
 29630 | Swamp:1  | Killed Josephine
 29810 | Swamp:1  | Noticed a thorn hunter
 29814 | Swamp:1  | Killed a thorn hunter
 29815 | Swamp:1  | Reached XP level 16. HP: 92/92 MP: 38/43
 30118 | Swamp:1  | Reached skill level 22 in Spellcasting
 31338 | Swamp:3  | Noticed a tentacled monstrosity
 31555 | Swamp:3  | Killed a tentacled monstrosity
 31556 | Swamp:3  | Offered knowledge of Starburst by Vehumet.
 32278 | Swamp:4  | Entered Level 4 of the Swamp
 32531 | Swamp:4  | Reached skill level 23 in Spellcasting
 32557 | Swamp:4  | Noticed a thorn hunter
 32561 | Swamp:4  | Killed a thorn hunter
 32942 | Swamp:3  | HP: 4/92 [poison (poison gas)]
 33080 | Swamp:4  | Reached XP level 17. HP: 96/96 MP: 38/46
 33367 | Swamp:4  | Reached skill level 15 in Conjurations
 33367 | Swamp:4  | Offered knowledge of Ozocubu's Refrigeration by Vehumet.
 33545 | Swamp:4  | Noticed the 27-headed Lernaean hydra
 33553 | Swamp:4  | Killed the 27-headed Lernaean hydra
 33640 | Swamp:4  | Got a decaying rune of Zot
 33740 | Swamp:4  | Identified the +1 leather armour of Baehumpi {Rampage Str-2
                  | Dex+4}
 34268 | Temple   | Acquired a +0 pair of boots of flying
 34466 | Snake:1  | Entered Level 1 of the Snake Pit
 34677 | Snake:1  | Reached skill level 15 in Fire Magic
 34913 | Snake:1  | Found Teorom's Magic Scroll Boutique.
 34915 | Snake:1  | Found Nerchynoom's Distillery.
 34917 | Snake:1  | Found Hiriliowav's Armour Boutique.
 34946 | Snake:1  | Bought a potion of magic for 136 gold pieces
 35988 | Snake:2  | Noticed Kirke
 36151 | Snake:2  | Killed Kirke
 36257 | Snake:2  | Reached skill level 24 in Spellcasting
 36833 | Snake:2  | Identified Roxanne's Handbook of the Mountains
 36833 | Snake:2  | Noticed Roxanne
 37186 | Snake:3  | Found a basalt altar of Yredelemnul.
 37336 | Snake:3  | Found a frozen archway.
 37439 | IceCv    | Entered an ice cave
 37440 | IceCv    | Offered knowledge of Lehudib's Crystal Spear by Vehumet.
 37440 | IceCv    | Offered knowledge of Fire Storm by Vehumet.
 37440 | IceCv    | Offered knowledge of Chain Lightning by Vehumet.
 37564 | IceCv    | Learned a level 9 spell: Fire Storm
 37573 | IceCv    | Learned a level 8 spell: Lehudib's Crystal Spear
 38253 | IceCv    | Reached skill level 1 in Earth Magic
 38389 | IceCv    | Noticed an Ice Fiend
 38392 | IceCv    | Killed an Ice Fiend
 38393 | IceCv    | Reached XP level 18. HP: 55/104 MP: 45/48
 38441 | IceCv    | Identified the +2 pair of gloves "Ulomojaj" {Will+ rCorr}
 38626 | Snake:3  | Slain by a naga warrior

Illustrated notes

Levels and vault maps discovered:
D:1:      arrival_zaba_pyramid, layout_basic
D:2:      minmay_chambers_of_ones, layout_basic
D:3:      layout_loops_ring, portal_sewer_entry_c, minmay_fractal_squares_5
D:4:      layout_gridville, trog_ov_bears_minmay, minmay_temple_entry_fiery,
          minmay_vboxes
D:5:      minmay_chambers_of_fours, layout_basic,
          amethyst_overflow_temple_binary, serial_shops, shop,
          kennysheep_mini_moat, shop_statue, kennysheep_little_box, shop,
          minmay_crystal_water
D:6:      layout_layer_cave, serial_bayou, serial_bayou_lagoon_a,
          serial_bayou_shore_a, serial_bayou_shore_b, serial_bayou_pond_b,
          minmay_misc_feat_ornament, uniq_grinder
D:7:      layout_basic
D:8:      layout_cave_pools, chei_slow_surprise, due_lair_maze_entry_diamond
D:9:      layout_cave_pools, nicolae_gozag_seed_capital, general_overflow_altar,
          grunt_livestock, minmay_misc_feat_tower, grunt_decor_cap,
          kennysheep_small_spiral, uniq_maggie, uniq_harold
D:10:     layout_cave_pods, gammafunk_temple_overflow_wave
D:11:     layout_stronghold
D:12:     minmay_smoke_and_mirrors, layout_cave_pools, zombieorc2_lemuel,
          serial_shops, nicolae_square_shop
D:13:     layout_cave_pools, nicolae_ru_awakened_eye
D:14:     layout_irregular_city, grunt_vaults_entry_tiered, patterned_corridor,
          uniq_nessos
D:15:     gammafunk_enter_depths_forms, layout_gridville, serial_shops,
          nicolae_shop_trees, nicolae_lakefront_shop, shop, nicolae_shop_trees,
          shop, minmay_strange_pillars
Temple:   minmay_temple_curvy_branch
Lair:1:   layout_chaotic_city, ebering_ghost_disaster_area, grunt_megastairs_5
Lair:2:   layout_long_grid, swamp_mist, serial_bayou_crossing
Lair:3:   layout_regular_city, gammafunk_ghost_arena, serial_bayou_shore_b
Lair:4:   layout_roguey, guppyfry_snake_entry_island
Lair:5:   layout_cellular_growth, lemuel_fruit_tree
Lair:6:   gammafunk_lair_ancient_temple, layout_regular_city,
          minmay_slime_entry_oklob_enclosed, minivault_27, fungi_pond_lemuel
Swamp:1:  cheibrodos_swamp_tower_of_moss, layout_basic_swamp,
          hangedman_swamp_ruin_wall, infiniplex_staircase_pool_2, uniq_josephine
Swamp:2:  layout_basic_swamp, serial_swamp_ruin, evilmike_swamp_ruin_house_1,
          evilmike_swamp_ruin_house_2, evilmike_swamp_ruin_rubble_2,
          swamp_pool3, nicolae_swamp_little_swirl
Swamp:3:  layout_basic_swamp, evilmike_swamp_ruin_house_5, swamp_pool1
Swamp:4:  grunt_swamp_rune_castle, layout_basic_swamp, swamp_pool5
Snake:1:  layout_grid_maze, minmay_shop_star, grunt_megastairs_4
Snake:2:  layout_misc_corridors, drop_trap, grunt_megastairs_3, uniq_kirke,
          uniq_roxanne
Snake:3:  layout_grid_maze, basic_altar, portal_ice_cave_entry_ice_statue_two
Orc:1:    layout_diamond_mine, serial_shops, nicolae_diamond_shop, basic_altar
Orc:2:    st_orc_town, layout_caves, basic_altar, gammafunk_ghost_smash,
          kennysheep_orc_sif_temple

Skill      XL: |  1  2  3  4  5  6  7  8  9 10 11 12 13 14 15 16 17 |
---------------+----------------------------------------------------+-----
Spellcasting   | 5 6 7 8 10 12 14 15 17 19 20 21 23 24 | 24.4
Fighting       | 1 2 3 4 5 6 7 8 |  8.6
Armour         | 1 3 4 5 7 8 |  8.3
Conjurations   | 2 3 4 5 6 8 9 10 11 12 14 15 | 15.8
Fire Magic     | 1 3 4 6 7 9 10 11 12 13 14 15 | 15.5
Dodging        | 3 |  3.0
Stealth        | 3 |  3.0
Air Magic      | 1 |  1.1
Poison Magic   | 1 |  1.2
Evocations     | 1 |  1.1
Shields        | 2 3 4 |  4.3
Ice Magic      | 1 |  1.1
Earth Magic    | 1 |  1.0
Summonings     | |  1.1
Translocations | |  1.1

Action                   |  1- 3 |  4- 6 |  7- 9 | 10-12 | 13-15 | 16-18 || total
-------------------------+-------+-------+-------+-------+-------+-------++-------
Melee: Staff             |    25 |    21 |    60 |    22 |     7 |     1 ||   136
 Cast: Magic Dart        |   127 |    87 |    93 |       |       |     3 ||   310
       Call Imp          |       |     7 |     2 |     1 |       |       ||    10
       Conjure Flame     |       |     6 |    12 |     5 |       |       ||    23
       Mephitic Cloud    |       |     4 |    17 |    12 |     8 |       ||    41
       Foxfire           |       |       |   200 |    53 |    34 |     2 ||   289
       Blink             |       |       |     4 |     2 |     7 |     9 ||    22
       Fireball          |       |       |       |   190 |   442 |   370 ||  1002
       Freezing Cloud    |       |       |       |       |     1 |    19 ||    20
Evoke: Wand              |       |       |       |       |       |     2 ||     2
  Use: Scroll            |       |       |       |    19 |    10 |     3 ||    32
 Stab: Distracted        |       |     1 |       |       |       |       ||     1
       Sleeping          |       |     1 |       |       |       |       ||     1
       Confused          |       |       |     2 |       |     1 |       ||     3
Armor: Leather armour    |    19 |     8 |    24 |     1 |       |       ||    52
       Acid dragon scale |       |       |       |    44 |    12 |     5 ||    61
       Swamp dragon scal |       |       |       |       |       |    22 ||    22
Dodge: Dodged            |    50 |    40 |    71 |    33 |    17 |     5 ||   216
Block: Buckler           |       |       |       |     4 |    13 |    16 ||    33
       Reflection        |       |       |       |     2 |     7 |     5 ||    14

Table legend: (Time is in decaauts)
 A = Elapsed time spent in this place.
 B = Non-inter-level travel time spent in this place.
 C = Inter-level travel time spent in this place.
 D = Time resting spent in this place.
 E = Time spent auto-exploring this place.
 F = Levels seen in this place.
 G = Mean time per level.
                   A        B        C        D        E       F      G
               +--------+--------+--------+--------+--------+-----+--------+
         Total |  39095 |  36096 |   2999 |   4365 |  27195 |  33 | 1184.7 |
       Dungeon |  20054 |  18365 |   1689 |   1708 |  14281 |  15 | 1336.9 |
        Temple |    262 |    229 |     33 |      0 |     97 |   1 |  262.0 |
          Lair |   7224 |   6549 |    675 |    381 |   5660 |   6 | 1204.0 |
         Swamp |   4885 |   4629 |    256 |   1079 |   3101 |   4 | 1221.2 |
     Snake Pit |   3105 |   2971 |    134 |    562 |   2032 |   3 | 1035.0 |
  Orcish Mines |   2154 |   1944 |    210 |    336 |   1289 |   2 | 1077.0 |
         Sewer |    354 |    354 |      0 |      0 |    297 |   1 |  354.0 |
      Ice Cave |   1054 |   1054 |      0 |    299 |    437 |   1 | 1054.0 |
               +--------+--------+--------+--------+--------+-----+--------+

Top non-repeatable levels by time:
  Lair:6: 2041 daAuts
    D:11: 1806 daAuts
     D:1: 1726 daAuts
     D:6: 1632 daAuts
    D:14: 1622 daAuts
 Snake:1: 1601 daAuts
    D:10: 1551 daAuts
     D:7: 1453 daAuts
 Swamp:4: 1444 daAuts
    D:15: 1403 daAuts
    D:12: 1331 daAuts
     D:8: 1297 daAuts
     D:4: 1273 daAuts
 Swamp:3: 1236 daAuts
 Swamp:1: 1162 daAuts
